 Dungeon Crawl Stone Soup version 0.20.0 (webtiles) character file.

31745 Ryco the Severer (level 13, 0/117 HPs)
             Began as a Minotaur Fighter on June 6, 2017.
             Was a High Priest of Okawaru.
             Slain by a seven-headed hydra (2 damage)
             ... on level 1 of the Swamp.
             The game lasted 01:11:04 (7177 turns).

Ryco the Severer (Minotaur Fighter)                 Turns: 7177, Time: 01:11:06

Health: 0/117      AC: 20    Str: 26    XL:     13   Next: 27%
Magic:  16/16      EV: 15    Int:  5    God:    Okawaru [*****.]
Gold:   609        SH:  0    Dex: 15    Spells: 7/12 levels left

rFire    . . .     SeeInvis .   b - +4 mace "Kyghanir" {flame, rElec}
rCold    . . .     Gourm    .   (no shield)
rNeg     . . .     Faith    .   d - +0 plate armour
rPois    +         Spirit   .   y - +0 hat
rElec    +         Reflect  .   i - +0 cloak
rCorr    .         Harm     .   (no gloves)
MR       .....                  r - +1 pair of boots {Stlth+}
Stlth    ..........             (no amulet)
Regen    0.3/turn               C - +1 ring of evasion
MPRegen  0.2/turn               F - ring of poison resistance

@: agile, studying Long Blades
A: retaliatory headbutt, horns 2
a: Heroism, Finesse, Renounce Religion


You were on level 1 of the Swamp.
You worshipped Okawaru.
Okawaru was extremely pleased with you.
You were not hungry.

You visited 4 branches of the dungeon, and saw 19 of its levels.

You collected 796 gold pieces.
You spent 187 gold pieces at shops.

Inventory:

Hand Weapons
 a - a +0 broad axe
 b - the +4 mace "Kyghanir" (weapon) {flame, rElec}
   (You found it on level 8 of the Dungeon)

   It has been specially enchanted to burn those struck by it, causing extra
   injury to most foes and up to half again as much damage against particularly
   susceptible opponents.
   It insulates you from electricity.
 n - a +0 trident
 P - a +4 executioner's axe of chopping
Armour
 d - a +0 plate armour (worn)
 i - a +0 cloak (worn)
 r - a +1 pair of boots of stealth (worn)
 y - a +0 hat (worn)
 M - a +2 shield of protection
Jewellery
 k - an uncursed ring of protection from magic
 s - the ring "Foibemuu" {rF+ AC-2}
   (You found it on level 5 of the Lair of Beasts)

   [ring of protection]

   It affects your AC (-2).
   It protects you from fire.
 C - a +1 ring of evasion (left hand)
 F - a ring of poison resistance (right hand)
 K - an uncursed ring of ice
Wands
 h - a wand of random effects (16/48)
 o - a wand of acid (1/15)
 w - a wand of lightning (2/15)
 z - a wand of digging (11/24)
 J - a wand of polymorph (16/24)
 L - a wand of paralysis (6/24)
 Q - a wand of confusion (13/48)
Scrolls
 g - 3 scrolls of fog
 j - 4 scrolls of remove curse
 l - 2 scrolls of immolation
 u - 5 scrolls of teleportation
 E - 2 scrolls of vulnerability
 G - 2 scrolls of recharging
 R - a scroll of enchant weapon
Potions
 e - a potion of cancellation
 m - 3 potions of flight
 p - 2 potions of ambrosia
 q - 2 potions of berserk rage
 x - a potion of invisibility
 A - a potion of curing {unknown}
 D - a potion of resistance {unknown}
 H - a potion of lignification {unknown}
 I - a potion of heal wounds {unknown}
 O - a potion of brilliance {unknown}
Books
 v - a manual of Long Blades
Miscellaneous
 c - a box of beasts
 B - a phial of floods
Comestibles
 f - 3 bread rations


   Skills:
 + Level 11.8 Fighting
 + Level 17.6 Axes
 * Level 13.8 Armour
 + Level 3.1 Dodging
 - Level 3.6 Shields
 + Level 5.8 Invocations
 + Level 2.1 Evocations


You had 7 spell levels left.
You knew the following spells:

 Your Spells              Type           Power        Failure   Level  Hunger
a - Aura of Abjuration    Summ           #.........   100%        5    ######.


Dungeon Overview and Level Annotations

Branches:
Dungeon (11/15)            Temple (1/1) D:4            Lair (6/6) D:11
  Swamp (1/4) Lair:4        Slime (0/5) Lair:6
  Snake: Lair:2-4    Spider: Lair:2-4       Orc: D:9-12

Altars:
Ashenzari
Cheibriados
Dithmenos
Elyvilon
Fedhas
Makhleb
Okawaru
Sif Muna
Trog
Uskayaw
Vehumet
Yredelemnul
Zin
The Shining One

Shops:
D:6 }   D:8 :   D:9 =

Annotations:
Lair:4 exclusion: 2 oklob plants


Innate Abilities, Weirdness & Mutations

You reflexively headbutt those who attack you in melee.
You have a pair of horns on your head.


Message History

The seven-headed hydra bites you but does no damage. x2
You barely miss the spiny frog.
The spiny frog is almost dead.
The spiny frog stings you!
* * * LOW HITPOINT WARNING * * *
The seven-headed hydra bites you!
* * * LOW HITPOINT WARNING * * *
The seven-headed hydra barely misses you.
The seven-headed hydra bites you.
* * * LOW HITPOINT WARNING * * *
The seven-headed hydra bites you but does no damage. x3
The seven-headed hydra bites you.
* * * LOW HITPOINT WARNING * * *
Okay, then.
It was a potion of agility.
You feel agile all of a sudden. The spiny frog completely misses you.
The seven-headed hydra bites you.
* * * LOW HITPOINT WARNING * * *
The seven-headed hydra misses you. The seven-headed hydra bites you.
You die...

♣.≈≈≈.≈≈≈≈♣ ≈≈≈≈ ....
..≈≈≈♣♣♣≈≈≈. ♣♣♣♣y≈..
≈≈≈≈≈≈≈≈≈≈≈ ♣♣♣....≈.
..≈≈≈≈≈≈≈. ♣.≈..≈..
≈..≈≈≈≈≈.≈ ♣♣.≈≈.♣♣♣
♣§...≈≈≈≈♣ .≈...≈≈.♣♣♣
♣♣.≈≈≈≈≈.≈♣
......≈≈.≈♣
♣≈FD≈≈≈≈.≈♣
≈≈.[††≈≈..♣
♣♣♣@≈≈≈≈.≈≈≈
♣♣♣♣♣≈....♣♣
♣≈...≈≈.≈♣♣ ♣
♣..)≈≈≈.≈♣♣♣≈≈..§.♣♣♣
♣ ♣.≈≈≈≈≈≈.≈≈≈♣♣♣..≈♣♣
♣ ♣≈.≈≈≈≈≈÷♣...♣.....♣
♣♣≈.≈≈≈≈≈.♣.≈.≈....≈♣
♣...≈≈≈≈≈.♣........♣♣
♣♣...≈≈≈............♣♣
♣♣♣..≈............[.♣♣


You could see a seven-headed hydra and a spiny frog.

Vanquished Creatures
  Gastronok (D:9)
  Snorg (Lair:5)
  Fannar (Lair:3)
  A hydra (D:11)
  Erica (D:9)
  3 catoblepae (Lair:6)
  An alligator (Swamp:1)
  2 two-headed ogres
  5 death yaks (Lair:6)
  A shambling mangrove (Swamp:1)
  2 manticores (Lair:6)
  5 elephants (Lair:6)
  2 black mambas (Lair:6)
  11 spiny frogs
  2 rime drakes
  A komodo dragon (Lair:4)
  A tyrant leech (Swamp:1)
  3 hornets
  9 blink frogs (Lair:6)
  6 slime creatures (Swamp:1)
  6 hippogriffs
  11 yaks (Lair:6)
  2 spriggans (Swamp:1)
  2 wyverns
  A hungry ghost (D:7)
  2 steam dragons
  4 vampire mosquitoes (Swamp:1)
  8 water moccasins
  3 porcupines
  2 phantoms
  A sky beast (D:8)
  2 orc warriors
  2 black bears
  4 wolves (Lair:6)
  A centaur (D:8)
  A big kobold (D:10)
  6 crocodiles
  12 bullfrogs
  A scorpion (D:4)
  5 killer bees (D:10)
  An electric eel (Lair:3)
  4 crimson imps
  A quasit (D:9)
  3 hounds
  A jelly (Lair:6)
  A centaur skeleton (D:9)
  4 bullfrog zombies
  2 orc priests (D:5)
  An orc wizard (D:6)
  An iguana (D:10)
  Terence (D:2)
  5 worker ants
  A hound zombie (D:7)
  9 adders
  4 gnolls (D:2)
  A shadow imp (D:11)
  4 oozes
  An adder zombie (D:8)
  A worm (D:2)
  6 leopard geckos
  15 orcs
  2 giant cockroaches
  5 goblins
  7 hobgoblins
  6 jackals
  6 quokkas
  2 ball pythons (D:3)
  5 bats
  2 frilled lizards
  A jackal skeleton (D:5)
  11 kobolds
  3 rats
  A plant (Lair:3)
253 creatures vanquished.

Vanquished Creatures (collateral kills)
  A death yak (Lair:6)
  An elephant (Lair:6)
  A komodo dragon (Lair:6)
  A yak (Lair:6)
4 creatures vanquished.

Vanquished Creatures (others)
  A hydra (Lair:6)
  A black bear (D:11)
  A bullfrog (D:11)
  A kobold (D:10)
  16 fungi
  14 plants (Lair:6)
34 creatures vanquished.

Grand Total: 291 creatures vanquished

Notes
Turn   | Place    | Note
-------+----------+-------------------------------------------
     0 | D:1      | Ryco the Minotaur Fighter began the quest for the Orb.
     0 | D:1      | Reached XP level 1. HP: 19/19 MP: 0/0
     3 | D:1      | Noticed an electric eel
    54 | D:1      | Reached XP level 2. HP: 27/27 MP: 1/1
   130 | D:2      | Noticed Terence
   132 | D:2      | Killed Terence
   132 | D:2      | Reached XP level 3. HP: 32/34 MP: 2/2
   146 | D:2      | Reached skill level 3 in Axes
   202 | D:2      | Reached XP level 4. HP: 18/41 MP: 3/3
   598 | D:3      | Reached skill level 4 in Axes
   683 | D:2      | Reached XP level 5. HP: 36/47 MP: 4/4
   919 | D:4      | Found a staircase to the Ecumenical Temple.
   929 | D:4      | Reached skill level 5 in Fighting
   929 | D:4      | Reached skill level 5 in Axes
   938 | D:4      | Reached skill level 5 in Armour
   943 | Temple   | Entered the Ecumenical Temple
  1068 | Temple   | Became a worshipper of Warmaster Okawaru
  1098 | D:5      | Entered Level 5 of the Dungeon
  1105 | D:5      | Noticed a phantom
  1137 | D:5      | Killed a phantom
  1137 | D:5      | Reached skill level 6 in Axes
  1137 | D:5      | Reached XP level 6. HP: 30/56 MP: 5/5
  1203 | D:5      | Reached skill level 1 in Dodging
  1275 | D:6      | Reached skill level 7 in Axes
  1345 | D:7      | Found a basalt altar of Yredelemnul.
  1387 | D:6      | Noticed an orc warrior
  1389 | D:6      | Reached XP level 7. HP: 49/61 MP: 6/6
  1392 | D:6      | Reached * piety under Okawaru
  1393 | D:6      | Reached skill level 8 in Axes
  1448 | D:6      | Found Tasi's Gadget Emporium.
  1591 | D:7      | Noticed a hungry ghost
  1613 | D:7      | Killed a hungry ghost
  1613 | D:7      | Reached ** piety under Okawaru
  1613 | D:7      | Reached skill level 9 in Axes
  1662 | D:8      | Reached XP level 8. HP: 57/69 MP: 7/7
  1732 | D:8      | Reached skill level 10 in Axes
  1749 | D:9      | Found Zoth's Jewellery Shoppe.
  1749 | D:9      | Noticed a hornet
  1913 | D:8      | Got a smoking mace
  1914 | D:8      | Identified the +4 mace "Kyghanir" {flame, rElec} (You found it on level 8 of the Dungeon)
  2085 | D:8      | Reached *** piety under Okawaru
  2187 | D:9      | Noticed Gastronok
  2215 | D:9      | Killed Gastronok
  2215 | D:9      | Reached **** piety under Okawaru
  2215 | D:9      | Reached skill level 12 in Axes
  2215 | D:9      | Reached XP level 9. HP: 53/78 MP: 6/8
  2254 | D:9      | Reached skill level 13 in Axes
  2271 | D:9      | Noticed Erica
  2284 | D:9      | Killed Erica
  2284 | D:9      | Reached ***** piety under Okawaru
  2284 | D:9      | Reached XP level 10. HP: 34/86 MP: 7/9
  2312 | D:9      | Reached skill level 1 in Invocations
  2439 | D:10     | Entered Level 10 of the Dungeon
  2478 | D:10     | Noticed a two-headed ogre
  2486 | D:10     | Killed a two-headed ogre
  2486 | D:10     | Received a gift from Okawaru
  2992 | D:9      | Reached skill level 1 in Evocations
  3001 | D:9      | Bought a cursed ring of poison resistance for 187 gold pieces
  3054 | D:8      | Found Levonoju's Book Emporium.
  3512 | D:11     | Noticed a four-headed hydra
  3520 | D:11     | Killed a four-headed hydra
  3520 | D:11     | Reached skill level 14 in Axes
  3664 | D:11     | Noticed a two-headed ogre
  3669 | D:11     | Killed a two-headed ogre
  3669 | D:11     | Reached skill level 10 in Armour
  4039 | D:11     | Found a staircase to the Lair.
  4050 | Lair:1   | Entered Level 1 of the Lair of Beasts
  4075 | Lair:2   | Reached XP level 11. HP: 60/95 MP: 12/12
  4243 | Lair:3   | Noticed Fannar
  4270 | Lair:3   | Killed Fannar
  4679 | Lair:4   | Noticed an oklob plant
  4679 | Lair:4   | Noticed an oklob plant
  4724 | Lair:4   | Received a gift from Okawaru
  4755 | Lair:5   | Reached skill level 15 in Axes
  4798 | Lair:5   | Learned a level 5 spell: Aura of Abjuration
  4908 | Lair:5   | Noticed Snorg
  4923 | Lair:5   | Killed Snorg
  4928 | Lair:5   | Got a bound bronze ring
  4930 | Lair:5   | Identified the cursed ring "Foibemuu" {rF+ AC-2} (You found it on level 5 of the Lair of Beasts)
  5007 | Lair:6   | Entered Level 6 of the Lair of Beasts
  5015 | Lair:6   | Killed an eight-headed hydra
  5115 | Lair:6   | Found a glowing golden altar of the Shining One.
  5562 | Lair:6   | Received a gift from Okawaru
  5566 | Lair:6   | Reached skill level 5 in Invocations
  5571 | Lair:6   | Reached XP level 12. HP: 106/106 MP: 7/14
  5618 | Lair:6   | Reached skill level 16 in Axes
  5673 | Lair:6   | Noticed a death yak
  5675 | Lair:6   | Noticed a death yak
  5675 | Lair:6   | Noticed a catoblepas
  5677 | Lair:6   | Noticed a death yak
  5682 | Lair:6   | Killed a catoblepas
  5682 | Lair:6   | Reached skill level 10 in Fighting
  5685 | Lair:6   | Noticed a death yak
  5701 | Lair:6   | Killed a death yak
  5703 | Lair:6   | Killed a death yak
  5710 | Lair:6   | Killed a death yak
  5721 | Lair:6   | Killed a death yak
  6275 | Lair:6   | Noticed a death yak
  6292 | Lair:6   | Killed a death yak
  6292 | Lair:6   | Received a gift from Okawaru
  6297 | Lair:6   | Noticed a death yak
  6299 | Lair:6   | Got a translucent scarf {god gift}
  6305 | Lair:6   | Killed a death yak
  6307 | Lair:6   | Noticed a catoblepas
  6320 | Lair:6   | Killed a catoblepas
  6320 | Lair:6   | Reached skill level 17 in Axes
  6355 | Lair:6   | Identified the scarf "Cyamubue" {Str-4 Dex+6} (Okawaru gifted it to you on level 6 of the Lair of Beasts)
  6411 | Lair:6   | Noticed a catoblepas
  6434 | Lair:6   | Killed a catoblepas
  6536 | Lair:6   | Reached XP level 13. HP: 84/116 MP: 16/16
  6571 | Lair:6   | Found a staircase to the Slime Pits.
  6684 | Lair:4   | Found a staircase to the Swamp.
  6690 | Swamp:1  | Entered Level 1 of the Swamp
  7175 | Swamp:1  | HP: 5/117 [seven-headed hydra (6)]
  7177 | Swamp:1  | HP: 2/117 [seven-headed hydra (3)]
  7177 | Swamp:1  | Slain by a seven-headed hydra

Skill      XL: |  1  2  3  4  5  6  7  8  9 10 11 12 |
---------------+-------------------------------------+-----
Fighting       | 4 5 6 7 8 9 11 | 11.8
Armour         | 4 5 7 8 10 12 13 | 13.8
Axes           | 3 4 6 7 9 12 13 14 15 17 | 17.6
Dodging        | 1 2 3 |  3.1
Invocations    | 3 5 |  5.8
Evocations     | 1 2 |  2.1
Shields        | |  3.6

Action                   |  1- 3 |  4- 6 |  7- 9 | 10-12 | 13-15 || total
-------------------------+-------+-------+-------+-------+-------++-------
Melee: War axe           |    36 |   135 |   142 |    15 |       ||   328
       Headbutt          |    10 |    19 |    24 |   112 |    31 ||   196
       Broad axe         |       |       |       |   472 |    95 ||   567
       Mace              |       |       |       |     5 |     5 ||    10
       Executioner's axe |       |       |       |       |     5 ||     5
Invok: Heroism           |       |       |     3 |    12 |     2 ||    17
       Finesse           |       |       |       |     7 |     2 ||     9
Evoke: Wand              |       |     2 |     4 |    15 |     3 ||    24
       Phial of floods   |       |       |       |     2 |       ||     2
       Box of beasts     |       |       |       |     2 |       ||     2
  Use: Potion            |     1 |       |     1 |     1 |     1 ||     4
       Scroll            |       |     4 |     1 |    14 |       ||    19
 Stab: Invisible         |       |       |       |    10 |       ||    10
       Petrified         |       |       |       |     5 |       ||     5
       Petrifying        |       |       |       |     1 |       ||     1
  Eat: Royal jelly       |       |     1 |     3 |     1 |       ||     5
       Chunk             |       |       |     3 |     2 |     2 ||     7
       Meat ration       |       |       |       |     1 |       ||     1
       Bread ration      |       |       |       |     1 |     1 ||     2
Armor: Scale mail        |    17 |    41 |       |       |       ||    58
       Plate armour      |       |       |    53 |   218 |    54 ||   325
Dodge: Dodged            |     9 |    41 |    24 |   107 |    36 ||   217
Block: Shield            |    16 |    70 |    60 |   173 |    33 ||   352
